 Dungeon Crawl Stone Soup version 0.23.2 (webtiles) character file.

Game seed: 5963478135783456610

816 Gargoyl the Skirmisher (level 7, -1/60 HPs)
             Began as a Centaur Abyssal Knight on Apr 12, 2019.
             Was a Follower of Lugonu.
             Slain by a hornet (8 damage)
             ... on level 4 of the Dungeon.
             The game lasted 00:07:53 (4584 turns).

Gargoyl the Skirmisher (Centaur Abyssal Knight)     Turns: 4584, Time: 00:07:55

Health: -1/60      AC: 14    Str: 18 (20) XL:     7   Next: 62%
Magic:  10/10      EV:  5    Int:  8 (11) God:    Lugonu [*.....]
Gold:   344        SH:  0    Dex:  9 (10) Spells: 6/6 levels left

rFire    . . .     SeeInvis +   a - +1 hand axe
rCold    . . .     Gourm    .   (no shield)
rNeg     . . .     Faith    .   j - +0 chain mail
rPois    .         Spirit   .   (no helmet)
rElec    .         Reflect  .   f - +2 cloak
rCorr    .         Harm     .   l - +2 pair of gloves
MR       .....                  (no barding)
Stlth    ..........             (no amulet)
HPRegen  0.20/turn              (no ring)
MPRegen  0.12/turn              k - ring of see invisible

@: mighty, lethally poisoned (-1 -> -6), very slightly contaminated, slowed,
lightly drained, invisible (expiring)
A: large, hooves 3, deformed body, speed 2, tough skin 3
a: Depart the Abyss, Renounce Religion


You were on level 4 of the Dungeon.
You worshipped Lugonu.
Lugonu was aware of your devotion.
You were not hungry.

You visited 1 branch of the dungeon, and saw 5 of its levels.
You visited the Abyss 1 time.

You collected 344 gold pieces.

Inventory:

Hand Weapons
 a - a +1 hand axe (weapon)
Armour
 f - a +2 cloak (worn)
 j - a +0 chain mail (worn)
 l - a +2 pair of gloves (worn)
Jewellery
 k - a ring of see invisible (right hand)
Scrolls
 d - 2 scrolls of identify
 g - a scroll of remove curse
 n - a scroll of magic mapping {unknown}
 p - a scroll of amnesia
Potions
 h - a potion of might
 i - 2 potions of curing
 o - a potion of lignification {unknown}
 q - a potion of heal wounds {unknown}
Comestibles
 c - 14 rations


   Skills:
 + Level 4.4(4.1) Fighting
 + Level 4.1(3.8) Axes
 * Level 3.8(3.5) Armour
 * Level 2.4(2.1) Dodging
 * Level 4.0(3.7) Invocations
   Level 0.1(0.0) Evocations


You had 6 spell levels left.
You didn't know any spells.
Your spell library was empty.

Dungeon Overview and Level Annotations

Branches:
Dungeon (5/15)
 Temple: D:4-7

Altars:
Makhleb
Uskayaw
Vehumet
Xom

Shops:
D:4 [


Innate Abilities, Weirdness & Mutations

You have hooves in place of feet.
Armour fits poorly on your strangely shaped body.
You cover ground very quickly.
You have extremely tough skin. (AC +3)


Message History

The hornet is severely wounded.
The hornet closely misses you. The hornet barely misses you.
You miss the hornet. Your kick misses the hornet.
The hornet is severely wounded.
You flicker for a moment.
The hornet stings you but does no damage. x3
You completely miss the hornet. Your kick misses the hornet.
The hornet is severely wounded.
The hornet stings you but does no damage.
The hornet stings you!
* * * LOW HITPOINT WARNING * * *
You feel as though you will be slow longer.
You hit the hornet.
The hornet is severely wounded.
The hornet stings you!
* * * LOW HITPOINT WARNING * * *
You are poisoned.
You feel as though you will be slow longer.
The hornet stings you!
You die...

#......# ###...#
##.####.# #......
#.......###......
#..#.............
###....#..###......
#.........# #.#...#
#.#.......###.#...#
#.##....§..##......
#.@....°.○.########
#y.###..°§.#####
#..###.☼.°.....#
#.......☼......#
###.######......#
#......# #......#
#.#.##.# #......#
#.#.##.# #......#
#.#....# #......#


You could see a hornet.

Vanquished Creatures
  Sigmund (D:4)
  Eustachio (D:4)
  Edmund (D:4)
  An ogre (D:4)
  An iron imp (Abyss:1)
  An orc wizard (D:4)
  Jessica (D:2)
  Natasha (thrice) (D:2)
  Terence (D:2)
  An iguana (D:4)
  A worker ant (D:4)
  4 adders
  An ooze (D:4)
  2 worms (D:2)
  A dart slug (D:4)
  A leopard gecko (D:4)
  5 orcs (D:4)
  2 giant cockroaches
  4 goblins
  6 hobgoblins
  4 kobolds
  5 ball pythons
  7 bats
  7 frilled lizards
  6 rats
68 creatures vanquished.

Vanquished Creatures (others)
  A worker ant (D:4)
1 creature vanquished.

Grand Total: 69 creatures vanquished

Notes
Turn   | Place    | Note
-------+----------+-------------------------------------------
     0 | Abyss:1  | Gargoyl the Centaur Abyssal Knight began the quest for the
                  | Orb.
     0 | Abyss:1  | Reached XP level 1. HP: 19/19 MP: 2/2
   140 | Abyss:1  | Found a corrupted altar of Lugonu.
   207 | Abyss:1  | Noticed an iron imp
   217 | Abyss:1  | Killed an iron imp
   217 | Abyss:1  | Reached XP level 2. HP: 11/27 MP: 3/3
   217 | Abyss:1  | Reached XP level 3. HP: 14/33 MP: 4/4
   225 | Abyss:1  | Noticed a glowing orange brain
   227 | Abyss:1  | Noticed a quicksilver dragon skeleton
   227 | Abyss:1  | Noticed a glowing orange brain
   227 | D:1      | Escaped the Abyss
  1041 | D:2      | Noticed Terence
  1051 | D:2      | Killed Terence
  1051 | D:2      | Reached skill level 1 in Dodging
  1051 | D:2      | Reached XP level 4. HP: 26/40 MP: 5/5
  1154 | D:2      | Noticed Natasha
  1166 | D:2      | Killed Natasha
  1166 | D:2      | Reached * piety under Lugonu
  1777 | D:2      | Noticed Natasha
  1795 | D:2      | Killed Natasha
  1961 | D:2      | Found a burning altar of Makhleb.
  1961 | D:2      | Noticed a blizzard demon
  1964 | D:2      | Noticed an orange demon
  1964 | D:2      | Noticed a neqoxec
  2072 | D:2      | Reached XP level 5. HP: 46/46 MP: 7/7
  2093 | D:2      | Noticed Jessica
  2104 | D:2      | Killed Jessica
  2325 | D:2      | Noticed Natasha
  2337 | D:2      | Killed Natasha
  2498 | D:3      | Found a hide-covered altar of Uskayaw.
  2498 | D:3      | Found a shimmering altar of Xom.
  3336 | D:4      | Noticed Edmund
  3361 | D:4      | Killed Edmund
  3361 | D:4      | Reached XP level 6. HP: 26/52 MP: 8/8
  3526 | D:4      | Noticed Sigmund
  3538 | D:4      | Killed Sigmund
  3538 | D:4      | Reached XP level 7. HP: 53/59 MP: 9/9
  3586 | D:4      | Found Xautuupp's Armour Shop.
  3687 | D:4      | Found a radiant altar of Vehumet.
  3895 | D:4      | Noticed Eustachio
  4025 | D:4      | Killed Eustachio
  4568 | D:5      | Entered Level 5 of the Dungeon
  4568 | D:5      | Noticed a hornet
  4584 | D:4      | Slain by a hornet

Skill      XL: |  1  2  3  4  5  6  7 |
---------------+----------------------+-----
Axes           | 2 3 4 |  4.1
Dodging        | 1 2 |  2.4
Armour         | 2 3 |  3.8
Fighting       | 4 |  4.4
Invocations    | 3 4 |  4.0
Evocations     | |  0.1

Action                   |  1- 3 |  4- 6 |  7- 9 || total
-------------------------+-------+-------+-------++-------
Melee: Hand axe          |    41 |   169 |    68 ||   278
       Kick              |     5 |    25 |    14 ||    44
Invok: Depart the Abyss  |     1 |       |       ||     1
Evoke: Wand              |       |    10 |       ||    10
  Use: Scroll            |       |     9 |       ||     9
       Potion            |       |       |     5 ||     5
  Eat: Chunk             |       |     5 |     4 ||     9
Armor: Leather armour    |    16 |       |       ||    16
       Scale mail        |       |    69 |       ||    69
       Chain mail        |       |    85 |    60 ||   145
Dodge: Dodged            |    13 |    74 |    24 ||   111
